 Dungeon Crawl Stone Soup version 0.29.1-1-gd02db6906a (webtiles) character file.

Game seed: 12237591289929907800

935 quakins the Grappler (level 7, -3/57 (61) HPs)
             Began as a Troll Transmuter on Oct 22, 2022.
             Slain by a wight
             ... wielding a +5 great sword
              (19 damage)
             ... on level 5 of the Dungeon.
             The game lasted 00:07:43 (3959 turns).

quakins the Grappler (Troll Transmuter)             Turns: 3959, Time: 00:07:43

HP:   -3/57 (61)    AC:  5    Str: 21    XL:     7   Next: 87%
MP:   7/7           EV: 13    Int:  9    God:
Gold: 146           SH:  0    Dex: 10    Spells: 7/8 levels left

rFire   . . .      SeeInvis .     - Unarmed
rCold   . . .      Faith    .   (no shield)
rNeg    . . .      Spirit   .   a - +1 robe
rPois   +          Reflect  .   (helmet restricted)
rElec   .          Harm     .   (no cloak)
rCorr   .          Rampage  .   (gloves unavailable)
Will    .....                   (boots unavailable)
Stlth   +.........              (no amulet)
HPRegen 0.99/turn               n - +4 ring of evasion
MPRegen 0.10/turn               e - ring of poison resistance

@: drained
A: large, unfitting armour, claws 3, regeneration 1, shaggy fur 1, tough skin 1
a: no special abilities


You were on level 5 of the Dungeon.
You visited 1 branch of the dungeon, and saw 5 of its levels.
You also visited: Ossuary.

You collected 146 gold pieces.

Inventory:

Missiles
 k - 4 poisoned darts
 x - a throwing net
Armour
 a - a +1 robe (worn)
Jewellery
 e - a ring of poison resistance (right claw)
 n - a +4 ring of evasion (left claw)
 E - a +4 ring of slaying
Wands
 s - a wand of light (6)
 v - a wand of charming (7)
 y - a wand of flame (17)
Scrolls
 d - 2 scrolls of teleportation
 f - a scroll of butterflies {unknown}
 h - a scroll of vulnerability
 i - 6 scrolls of identify {unknown}
 j - a scroll of enchant armour
 m - a scroll of enchant weapon {unknown}
 q - a scroll of magic mapping {unknown}
 r - a scroll of blinking {unknown}
 t - a scroll of silence {unknown}
 F - a scroll of brand weapon {unknown}
Potions
 b - a potion of lignification
 c - 2 potions of attraction {unknown}
 g - 4 potions of might {unknown}
 l - a potion of degeneration {unknown}
 o - a potion of invisibility {unknown}
 p - a potion of ambrosia {unknown}
 u - 2 potions of haste {unknown}
 w - 3 potions of curing {unknown}
 z - a potion of flight {unknown}
 A - a potion of heal wounds {unknown}
 B - a potion of magic {unknown}
 C - a potion of brilliance {unknown}
 D - a potion of mutation {unknown}


   Skills:
 - Level 0.7 Fighting
 - Level 1.5 Dodging
 + Level 9.6 Unarmed Combat
 - Level 1.2 Spellcasting
 - Level 1.3 Transmutations


You had 7 spell levels left.
You knew the following spells:

 Your Spells              Type           Power      Damage    Failure   Level
a - Beastly Appendage     Tmut           6%         N/A       21%         1

Your spell library contained the following spells:

 Spells                   Type           Power      Damage    Failure   Level
 Wereblood                Tmut           3%         N/A       30%         2
 Sandblast                Erth           0%         2d4       36%         1
 Passwall                 Tmut/Erth      0%         N/A       38%         2
 Spider Form              Tmut/Pois      1%         N/A       63%         3
 Ignite Poison            Fire/Tmut/Pois 1%         N/A       65%         3
 Mephitic Cloud           Conj/Pois/Air  0%         N/A       73%         3
 Stone Arrow              Conj/Erth      0%         3d7       73%         3
 Ice Form                 Ice/Tmut       1%         N/A       95%         4
 Freezing Cloud           Conj/Ice/Air   0%         6-21      100%        5


Dungeon Overview and Level Annotations

Branches:
Dungeon (5/15)            Ossuary (visited)
 Temple: D:4-7

Altars:
Trog
Vehumet

Shops:
D:5 (


Innate Abilities, Weirdness & Mutations

You are too large for most types of armour.
You have claws for hands.
Your natural rate of healing is unusually fast.
You are covered in fur. (AC +1)
You have tough skin. (AC +1)


Message History

The wight attacks as you move away!
The wight hits you with a +0 great sword.
You claw the wight!
The wight is heavily damaged.
The wight closely misses you.
You closely miss the wight.
The wight is heavily damaged.
The wight completely misses you.
You scratch the wight.
The wight is severely damaged.
You closely miss the wight.
The wight is severely damaged.
The wight barely misses you.
You claw the wight!
You destroy the wight!
Your life force feels restored.
You closely miss the wight.
The wight is almost destroyed.
The wight hits you with a +3 mace.
You feel drained.
You scratch the wight but do no damage.
The wight is almost destroyed.
The wight hits you with a +3 mace.
You claw the wight!
You destroy the wight!
Your life force feels restored.
You mangle the wight!!
You destroy the wight!
The wight hits you with a +5 great sword!
You feel drained.
Items here: ))) [[[.
You scratch the wight.
The wight is moderately damaged.
The wight hits you with a +5 great sword!
* * * LOW HITPOINT WARNING * * *
You feel drained.
* * * LOW HITPOINT WARNING * * *
You closely miss the wight.
The wight is moderately damaged.
The wight hits you with a +5 great sword!!
You die...

#..# #....†##
#.## ####### #.#
#.#######
#.......#
#.#####.# #.# #.#
#### #.# #.# z..
#.# #@##>#.##..
#.# #z.......!.
#..........#.##..
############


You could see a wight.

Vanquished Creatures
  2 black bears (D:5)
  A phantom (D:5)
  2 scorpions
  3 wights (D:5)
  3 hounds
  3 orc priests (D:5)
  An iguana (D:4)
  A mummy (Ossuary)
  Robin (D:4)
  3 adders
  A gnoll (D:1)
  A worm (D:2)
  10 orcs
  6 spectral bats (Ossuary)
  9 ball pythons
  4 bats
  7 endoplasms
  2 giant cockroaches
  9 goblins
  12 hobgoblins
  5 jackals
  5 quokkas
  4 bat simulacra (Ossuary)
  5 frilled lizards
  12 gnoll zombies (Ossuary)
  A goblin simulacrum (Ossuary)
  A goblin zombie (Ossuary)
  4 hobgoblin zombies (Ossuary)
  4 kobolds
  6 kobold simulacra (Ossuary)
  8 kobold zombies (Ossuary)
  5 orc zombies (Ossuary)
  5 rats
  4 rat simulacra (Ossuary)
  3 spectral goblins (Ossuary)
153 creatures vanquished.

Notes
Turn   | Place    | Note
-------+----------+-------------------------------------------
     0 | D:1      | quakins the Troll Transmuter began the quest for the Orb.
     0 | D:1      | Reached XP level 1. HP: 18/18 MP: 1/1
    11 | D:1      | Found a faded altar of an unknown god.
   166 | D:1      | Reached XP level 2. HP: 26/26 MP: 2/2
   378 | D:1      | Reached skill level 4 in Unarmed Combat
   618 | D:1      | Reached XP level 3. HP: 26/32 MP: 3/3
  1618 | D:2      | Reached XP level 4. HP: 40/40 MP: 4/4
  1753 | D:3      | Reached skill level 5 in Unarmed Combat
  2290 | D:4      | Noticed a scorpion
  2344 | D:4      | Reached XP level 5. HP: 46/46 MP: 5/5
  2360 | D:4      | Found a radiant altar of Vehumet.
  2375 | D:4      | Noticed Robin
  2405 | D:4      | Killed Robin
  2444 | D:4      | Found a sand-covered staircase.
  2453 | Ossuary  | Entered an ossuary
  2463 | Ossuary  | Reached skill level 6 in Unarmed Combat
  3420 | D:4      | Reached XP level 6. HP: 45/54 MP: 6/6
  3467 | D:5      | Entered Level 5 of the Dungeon
  3473 | D:5      | Reached skill level 7 in Unarmed Combat
  3575 | D:5      | Reached skill level 8 in Unarmed Combat
  3575 | D:5      | Reached XP level 7. HP: 54/61 MP: 7/7
  3670 | D:5      | Found a bloodstained altar of Trog.
  3779 | D:5      | Found Qoiptim's Antique Weapon Shop.
  3805 | D:5      | Reached skill level 9 in Unarmed Combat
  3959 | D:5      | Slain by a wight

Illustrated notes

Levels and vault maps discovered:
D:1:      mrwooster_arrival_statue, layout_loops_corners,
          hellmonk_ecumenical_altar_prayer_group
D:2:      layout_basic, hex_intersection
D:3:      layout_basic
D:4:      layout_basic, vehumet_crystals, enter_ossuary_3, uniq_robin
D:5:      layout_loops_ring, trog_butcher_becter, mainiacjoe_overflow_alcove_2,
          serial_shops, shop_fountains

Skill      XL: |  1  2  3  4  5  6  7 |
---------------+----------------------+-----
Unarmed Combat | 4 5 6 8 9 |  9.6
Fighting       | |  0.7
Dodging        | |  1.5
Spellcasting   | |  1.2
Transmutations | |  1.3

Action                   |  1- 3 |  4- 6 |  7- 9 || total
-------------------------+-------+-------+-------++-------
Melee: Unarmed           |   103 |   237 |    44 ||   384
       Punch             |     5 |     7 |     1 ||    13
  Use: Scroll            |       |     3 |       ||     3
 Stab: Sleeping          |     1 |     1 |       ||     2
Armor: Robe              |    40 |    77 |     4 ||   121
Dodge: Dodged            |    48 |   183 |    14 ||   245
